 Dungeon Sprint DCSS version 0.28-a0-313-gbc0475efdd (webtiles) character file.

Game seed: 5551574854484278720

452 Ankalagon the Severer (level 7, -1/57 HPs)
             Began as a Hill Orc Gladiator on Aug 31, 2021.
             Slain by a neqoxec (11 damage)
             ... in the Dungeon (Sprint II: "The Violet Keep of Menkaure").
             The game lasted 00:01:30 (563 turns).

Ankalagon the Severer (Hill Orc Gladiator)           Turns: 563, Time: 00:01:31

Health: -1/57      AC:  4    Str: 17    XL:     7   Next: 4%
Magic:  7/7        EV: 13    Int:  8    God:
Gold:   243        SH:  0    Dex: 14    Spells: 6/6 levels left

rFire   . . .      SeeInvis .   a - +0 war axe
rCold   . . .      Faith    .   (no shield)
rNeg    . . .      Spirit   .   b - +0 leather armour
rPois   .          Reflect  .   c - +0 helmet
rElec   .          Harm     .   (no cloak)
rCorr   .          Rampage  .   (no gloves)
Will    .....      Rnd*Rage +   (no boots) Stlth +.........NoTele +
                                (no amulet)
HPRegen 0.19/turn               (no ring)
MPRegen 0.10/turn               (no ring)

@: no status effects
A: berserk 1, deterioration 1, frail 1
a: no special abilities


You were in the Dungeon.
You visited 1 branch You collected 243 gold pieces.

Inventory:

Hand Weapons
 a - a +0 war axe (weapon)
Missiles
 d - 3 throwing nets (quivered)
Armour
 b - a +0 leather armour (worn)
 c - a +0 helmet (worn)
Scrolls
 j - a scroll of blinking
Potions
 f - a potion of heal wounds
 g - a potion of haste
 h - 2 potions of magic


   Skills:
 + Level 6.3 Fighting
 - Level 16.0 Axes
 - Level 1.7 Throwing
 + Level 4.6 Dodging


You had 6 spell levels left.
You didn't know any spells.
Your spell library was empty.

Dungeon Overview and Level Annotations

Branches:
Dungeon (1/1)

Altars:

Shops:
D (:!?[!===[:[==!

Annotations:
D exclusions: oklob plant and orange crystal statue


Innate Abilities, Weirdness & Mutations

You tend to lose your temper in combat.
Your body sometimes deteriorates upon taking damage.
You are frail. (-10% HP)


Message History

Your Axes skill increases to level 16!
Your Dodging skill increases to level 4!
You have reached level 7!
The neqoxec hits you! x2; The neqoxec hits you.
There is an open door, spattered with blood here.
You are too injured to fight recklessly!
You are too injured to fight recklessly!
You are too injured to fight recklessly!
You are too injured to fight recklessly!
You hit the neqoxec.
The neqoxec is lightly wounded.
You hit the neqoxec but do no damage. You slash the neqoxec!
The neqoxec barely misses you. The neqoxec hits you.
The neqoxec barely misses you.
You slash the neqoxec!
The neqoxec is heavily wounded.
You hit the neqoxec. x2; The neqoxec hits you. x2
The neqoxec hits you but does no damage.
You hit the neqoxec.
The neqoxec is heavily wounded.
You closely miss the neqoxec. You slash the neqoxec!
The neqoxec hits you but does no damage.
You hit the neqoxec.
The neqoxec is severely wounded.
You closely miss the neqoxec. You hit the neqoxec. The neqoxec gestures at you.
Strange energies course through your body.
You feel yourself wasting away. The neqoxec hits you.
You slash the neqoxec!
The neqoxec is almost dead.
You closely miss the neqoxec. x2; The neqoxec closely misses you.
The neqoxec hits you. The neqoxec hits you!
* * * LOW HITPOINT WARNING * * *
You barely miss the neqoxec.
The neqoxec is almost dead.
You closely miss the neqoxec. You slash the neqoxec!
You kill the neqoxec!
The neqoxec closely misses you. The neqoxec hits you!
You die...

# ≈##
##########≈≈#++
#########≈≈≈...
∩.∩.....#≈≈≈≈.#
.∩.∩....#≈≈≈≈### ##
###
....∩...#≈≈≈≈#..##.#
..# ...∩.∩..#≈≈#
#33.####..##
....∩.⌠.#≈##
#@###.##..#
...∩.∩..#†#
##.##..##..#
..∩.∩...'≈+
+.<.'##.+..###
.∩.∩....#≈#
##.##..##....###.
▓▓▓▓▓▓###≈##
#+###.##....§.≈≈
:ll######≈≈###
###≈§.§§..≈# (.h#s.
##≈≈≈# #≈≈§≈§≈§..≈#
∩P?+.$# #+#≈##
##≈≈§≈≈≈≈≈.≈#
?).#(##z#
#≈≈##+##≈≈≈§≈≈§§§≈≈#


You could see 2 neqoxecs.

Vanquished Creatures
  2 neqoxecs (D)
  A water moccasin (D)
  4 scorpions (D)
7 creatures vanquished.

Vanquished Creatures (others)
  Menkaure (D)
  A water moccasin (D)
2 creatures vanquished.

Grand Total: 9 creatures vanquished

Notes
Turn   | Place    | Note
-------+----------+-------------------------------------------
     0 | D        | Ankalagon the Hill Orc Gladiator began the quest for the
                  | Orb.
     0 | D        | Reached XP level 1. HP: 18/18 MP: 1/1
     1 | D        | Noticed a scorpion
     1 | D        | Noticed a scorpion
     1 | D        | Noticed a scorpion
     1 | D        | Noticed a scorpion
     7 | D        | Killed a scorpion
     8 | D        | Reached skill level 10 in Axes
     8 | D        | Reached XP level 2. HP: 25/25 MP: 2/2
     8 | D        | Reached XP level 3. HP: 30/30 MP: 3/3
     8 | D        | Reached XP level 4. HP: 37/37 MP: 4/4
    16 | D        | Killed a scorpion
    17 | D        | Reached skill level 12 in Axes
    19 | D        | Killed a scorpion
    20 | D        | Reached skill level 14 in Axes
    20 | D        | Reached XP level 5. HP: 7/42 MP: 5/5
    22 | D        | HP: 2/63 [poisoned by a scorpion]
    23 | D        | Reached skill level 15 in Axes
    23 | D        | Reached XP level 6. HP: 3/50 MP: 6/6
    27 | D        | Killed a water moccasin
    27 | D        | Killed Menkaure
   272 | D        | Noticed an orange crystal statue
   277 | D        | Found Kinoeqe's Distillery.
   278 | D        | Found Inwouc's Jewellery Shop.
   278 | D        | Found Yzuestri's Armour Boutique.
   278 | D        | Found Gicwuir's Jewellery Boutique.
   279 | D        | Found Lolurit's Antique Armour Shop.
   279 | D        | Found Gimub's Jewellery Boutique.
   279 | D        | Found Giceir's Jewellery Shop.
   279 | D        | Found Higushra's Book Shop.
   280 | D        | Found Daagam's Distillery.
   280 | D        | Found Mein's Jewellery Boutique.
   280 | D        | Noticed a wyvern
   282 | D        | Found Xinewyet's Antique Armour Shop.
   283 | D        | Found Poisepuo's Magic Scroll Boutique.
   283 | D        | Found Etenuu's Distillery.
   283 | D        | Noticed a water moccasin
   283 | D        | Noticed a wyvern
   283 | D        | Noticed an oklob plant
   284 | D        | Noticed a polar bear
   296 | D        | Killed a water moccasin
   297 | D        | Found Cukaan's Book Shoppe.
   297 | D        | Found Etaury's Antique Weapon Boutique.
   299 | D        | Noticed a polar bear
   302 | D        | Noticed a redback
   303 | D        | Noticed a flying skull
   303 | D        | Noticed a flying skull
   303 | D        | Noticed a flying skull
   304 | D        | Noticed a redback
   551 | D        | Noticed a neqoxec
   551 | D        | Noticed a neqoxec
   551 | D        | Noticed a neqoxec
   551 | D        | Noticed a neqoxec
   551 | D        | Gained mutation: You tend to lose your temper in combat. [a
                  | neqoxec]
   551 | D        | Gained mutation: You are frail. (-10% HP) [a neqoxec]
   556 | D        | Killed a neqoxec
   557 | D        | Reached skill level 16 in Axes
   557 | D        | Reached XP level 7. HP: 57/57 MP: 7/7
   561 | D        | Gained mutation: Your body sometimes deteriorates upon
                  | taking damage. [a neqoxec]
   563 | D        | Killed a neqoxec
   563 | D        | Slain by a neqoxec

Illustrated notes

Levels and vault maps discovered:
D:        the_violet_keep_of_menkaure [sprint2_stairs_cluster_1,
          sprint2_shoproom, sprint2_temple, sprint2_basic_supplies,
          sprint2_obstacle_4, sprint2_obstacle_5, sprint2_obstacle_6,
          sprint2_obstacle_1, sprint2_obstacle_2, sprint2_timed_cluster_1,
          sprint2_smallroom_cluster_1, sprint2_smallroom_final_cluster_1,
          sprint2_transparent_cluster_1, sprint2_second_timed_cluster_1,
          sprint2_sniper_area_1, sprint2_heavy_combat_area_1,
          sprint2_mutation_trap_area_1, sprint2_forest_area_1,
          sprint2_light_combat_area_1, sprint2_behind_water_1,
          sprint2_near_end_vault_1]

Skill      XL: |  1  2  3  4  5  6 |
---------------+-------------------+-----
Axes           | 10 14 15 16 | 16.0
Fighting       | 6 |  6.3
Dodging        | 4 |  4.6
Throwing       | |  1.7

Action                   |  1- 3 |  4- 6 |  7- 9 || total
-------------------------+-------+-------+-------++-------
Melee: War axe           |     4 |    31 |     6 ||    41
  Use: Potion            |     1 |     1 |       ||     2
Armor: Leather armour    |     1 |     1 |     2 ||     4
Dodge: Dodged            |     2 |    15 |     4 ||    21

Table legend: (Time is in decaauts)
 A = Elapsed time spent in this place.
 B = Non-inter-level travel time spent in this place.
 C = Inter-level travel time spent in this place.
 D = Time resting spent in this place.
 E = Time spent auto-exploring this place.
 F = Levels seen in this place.
 G = Mean time per level.
                   A        B        C        D        E       F      G
               +--------+--------+--------+--------+--------+-----+--------+
         Total |    584 |    584 |      0 |    430 |      0 |   1 |  584.0 |
       Dungeon |    584 |    584 |      0 |    430 |      0 |   1 |  584.0 |
               +--------+--------+--------+--------+--------+-----+--------+

Top non-repeatable levels by time:
       D: 584 daAuts
